 Dungeon Crawl Stone Soup version 0.23.2-40-g277498a001 (webtiles) character file.

Game seed: 14165399959207194586

2599 Loge the Quickloader (level 9, -1/57 HPs)
             Began as a Tengu Hunter on Aug 13, 2019.
             Slain by a phantom (2 damage)
             ... on level 6 of the Dungeon on Aug 20, 2019.
             The game lasted 00:31:06 (9966 turns).

Loge the Quickloader (Tengu Hunter)                 Turns: 9966, Time: 00:31:06

Health: -1/57      AC:  6    Str: 16    XL:     9   Next: 59%
Magic:  10/10      EV: 13    Int: 12    God:
Gold:   252        SH:  0    Dex: 14    Spells: 8/8 levels left

rFire    . . .     SeeInvis .   b - +0 short sword
rCold    . . .     Gourm    .   (no shield)
rNeg     . . .     Faith    .   A - +0 ring mail {rPois}
rPois    +         Spirit   .   (helmet restricted)
rElec    .         Reflect  .   r - +0 cloak
rCorr    .         Harm     .   (no gloves)
MR       .....                  (boots unavailable)
Stlth    +.........             (no amulet)
HPRegen  0.19/turn              (no ring)
MPRegen  0.12/turn              (no ring)

@: flying quickly and evasively, lightly drained, quick
A: beak, talons 3, able to fly
a: Stop Flying


You were on level 6 of the Dungeon.
You were hungry.

You visited 2 branches of the dungeon, and saw 8 of its levels.
You also visited: Ossuary.

You collected 252 gold pieces.

Inventory:

Hand Weapons
 a - a +1 hand crossbow
 b - a +0 short sword (weapon)
 x - a +2 spear
Missiles
 d - 7 bolts
Armour
 r - a +0 cloak (worn)
 y - a +0 chain mail
 A - a +0 ring mail of poison resistance (worn)
Jewellery
 k - an uncursed ring of fire
 t - a +2 ring of evasion {unknown}
Wands
 f - a wand of polymorph (14)
 m - a wand of random effects (14)
 n - a wand of disintegration (12)
 o - a wand of acid (5)
Scrolls
 e - 2 scrolls of amnesia
 l - 4 scrolls of remove curse
 q - 2 scrolls of teleportation
 u - 2 scrolls of identify
Potions
 g - 2 potions of mutation {unknown}
 h - a potion of berserk rage
 i - 3 potions of heal wounds
 j - 7 potions of curing {unknown}
 p - a potion of brilliance {unknown}
 s - 4 potions of might {unknown}
 v - a potion of lignification {unknown}
 w - 4 potions of degeneration {unknown}
 z - a potion of agility {unknown}
Comestibles
 c - 5 rations


   Skills:
 + Level 7.6(7.4) Fighting
 * Level 11.9(11.7) Crossbows
 - Level 2.1(2.0) Dodging
 - Level 1.0(0.8) Stealth


You had 8 spell levels left.
You didn't know any spells.
Your spell library contained the following spells:

 Spells                   Type           Power        Failure   Level  Hunger
 Pain                     Necr           #...         54%         1    ##.....


Dungeon Overview and Level Annotations

Branches:
Dungeon (7/15)             Temple (1/1) D:6

Altars:
Ashenzari
Cheibriados
Dithmenos
Elyvilon
Fedhas
Gozag
Hepliaklqana
Kikubaaqudgha
Makhleb
Qazlal
Ru
Sif Muna
Trog
Uskayaw
Vehumet
Wu Jian
Xom
Yredelemnul
Zin
The Shining One

Shops:
D:5 (   D:6 (


Innate Abilities, Weirdness & Mutations

You have a beak for a mouth.
You have claws for feet.
You can fly continuously.


Message History

The phantom hits you.
* * * LOW HITPOINT WARNING * * *
You completely miss the phantom. Your kick misses the phantom.
You peck the phantom.
The phantom is lightly damaged.
The phantom hits you.
* * * LOW HITPOINT WARNING * * *
You hit the phantom but do no damage. You claw the phantom.
The phantom is moderately damaged.
The phantom closely misses you.
You closely miss the phantom. You claw the phantom!
You peck the phantom, but do no damage.
The phantom is heavily damaged.
The phantom hits you!
* * * LOW HITPOINT WARNING * * *
You hit the phantom. You claw the phantom.
You peck the phantom, but do no damage.
The phantom is severely damaged.
The phantom hits you.
You die...

........)....................>...
#####..####...##...##...####...##
..##############...##...#########
...............#........#........
..........)...>#.....>..#........
...............#........#........
######.###....###..########..####
######.###....###[.##...#########
.#......#......W@................
.#......#........................
.#......#.............<......>..[
##..##..###..########.##.######.#
###'##..###..########'#########'#
....#.........'...#..............
....#.........#...#..............
######..###..######..###.######.#
#..############..##'####)######o#


You could see a phantom.

Vanquished Creatures
  Prince Ribbit (D:5)
  Eustachio (D:4)
  Duvessa (D:4)
  An orc warrior (D:6)
  A sky beast (D:6)
  3 ice beasts
  A black bear (D:6)
  An ogre (D:5)
  2 bullfrogs (D:6)
  8 water moccasin zombies (Ossuary)
  A scorpion (D:4)
  A water moccasin skeleton (D:6)
  Dowan (D:4)
  3 wights (D:6)
  3 howler monkeys
  A crimson imp (D:6)
  A bullfrog zombie (D:6)
  A jelly (D:6)
  A gnoll shaman (D:5)
  3 iguanas
  2 worker ants (D:6)
  2 big kobold zombies (Ossuary)
  2 mummies (Ossuary)
  9 gnolls
  A river rat (D:3)
  4 adders
  A shadow imp (D:6)
  2 oozes
  4 adder zombies (Ossuary)
  An adder skeleton (D:6)
  7 worms
  A dart slug (D:1)
  7 leopard geckos
  2 orcs (D:6)
  5 giant cockroaches
  3 gnoll zombies (Ossuary)
  10 hobgoblins
  10 kobolds
  2 quokkas
  3 ball pythons
  4 bats
  3 frilled lizards
  5 goblins
  5 hobgoblin zombies (Ossuary)
  4 kobold zombies (Ossuary)
  6 orc zombies (Ossuary)
  A quokka zombie (D:5)
  14 rats
156 creatures vanquished.

Notes
Turn   | Place    | Note
-------+----------+-------------------------------------------
     0 | D:1      | Loge the Tengu Hunter began the quest for the Orb.
     0 | D:1      | Reached XP level 1. HP: 12/12 MP: 2/2
   158 | D:1      | Reached XP level 2. HP: 17/17 MP: 3/3
   494 | D:1      | Reached skill level 5 in Crossbows
   537 | D:1      | Reached XP level 3. HP: 4/22 MP: 4/4
  1632 | D:2      | Found a deep blue altar of Sif Muna.
  1633 | D:2      | Found an ancient bone altar of Kikubaaqudgha.
  1634 | D:2      | Found a radiant altar of Vehumet.
  1636 | D:2      | Identified Kikubaaqudgha's Compendium of Sinister Magic
  1883 | D:2      | Found a shimmering altar of Xom.
  2011 | D:2      | Reached XP level 4. HP: 26/27 MP: 5/5
  2683 | D:3      | Reached skill level 6 in Crossbows
  2703 | D:3      | Gained mutation: You can fly continuously. [Tengu growth]
  2703 | D:3      | Reached XP level 5. HP: 5/32 MP: 6/6
  3571 | D:4      | Noticed Duvessa
  3571 | D:4      | Noticed Dowan
  4015 | D:4      | Noticed Eustachio
  4051 | D:4      | Killed Eustachio
  4051 | D:4      | Reached skill level 7 in Crossbows
  4051 | D:4      | Reached XP level 6. HP: 38/38 MP: 7/7
  4112 | D:4      | Killed Dowan
  4112 | D:4      | Reached XP level 7. HP: 44/44 MP: 8/8
  4688 | D:5      | Entered Level 5 of the Dungeon
  4750 | D:5      | Found Pegh's Weapon Emporium.
  4781 | D:5      | Reached skill level 8 in Crossbows
  5436 | D:5      | Reached skill level 5 in Fighting
  5465 | D:5      | Noticed Prince Ribbit
  5497 | D:5      | Killed Prince Ribbit
  5497 | D:5      | Reached skill level 9 in Crossbows
  5497 | D:5      | Reached XP level 8. HP: 22/50 MP: 9/9
  6049 | D:6      | Noticed a troll
  6140 | D:6      | Reached skill level 10 in Crossbows
  6379 | D:6      | Found a sand-covered staircase.
  6384 | Ossuary  | Entered an ossuary
  6754 | Ossuary  | Reached XP level 9. HP: 20/56 MP: 10/10
  7047 | Ossuary  | Reached skill level 11 in Crossbows
  7767 | D:4      | Killed Duvessa
  8075 | D:6      | Found a staircase to the Ecumenical Temple.
  8084 | Temple   | Entered the Ecumenical Temple
  9814 | D:6      | Found Voqall's Weapon Emporium.
  9965 | D:6      | HP: 1/57 [phantom (8)]
  9966 | D:6      | Slain by a phantom

Skill      XL: |  1  2  3  4  5  6  7  8  9 |
---------------+----------------------------+-----
Crossbows      | 5 6 7 9 10 11 | 11.9
Fighting       | 3 4 5 6 7 |  7.6
Dodging        | |  2.1
Stealth        | |  1.0

Action                   |  1- 3 |  4- 6 |  7- 9 || total
-------------------------+-------+-------+-------++-------
Melee: Short sword       |    90 |   115 |   228 ||   433
       Kick              |    21 |    33 |    79 ||   133
       Peck              |     7 |    17 |    46 ||    70
 Fire: Hand crossbow     |     6 |    38 |   203 ||   247
Throw: Throwing net      |       |       |     1 ||     1
 Abil: Fly               |       |     1 |       ||     1
  Use: Scroll            |       |     6 |     4 ||    10
 Stab: Sleeping          |     1 |       |       ||     1
  Eat: Chunk             |     3 |     7 |    10 ||    20
       Ration            |       |       |     2 ||     2
Armor: Leather armour    |    11 |       |       ||    11
       Ring mail         |     5 |    23 |    83 ||   111
Dodge: Dodged            |    48 |    69 |   200 ||   317
